Map: Kairos Junction LE

Players

Scarlett

  • Race: Zerg Zerg
  • Spawn Location: 5:00

ShoWTimE - Winner!

  • Race: Protoss Protoss
  • Spawn Location: 11:00

Event: 2019 WCS Summer

VOD

Have the link to the VOD?

Description

Time

  • Played on: July 13, 2019, 2:07 p.m.
  • Length: 17:12

All games in this series

Show
View Real Time Build Order
Export as new Build Order

Scarlett Zerg 

Build Orders: Hatch First, Swarm Host 

Get SALT Encoding   

  12  0:01  Drone  
  13  0:14  Overlord  
  13  0:16  Drone  
  14  0:32  Drone x2  
  16  0:36  Drone  
  17  0:46  Drone  
  18  0:55  Hatchery  
  17  0:58  Drone  
  17  1:00  Extractor  
  17  1:12  Spawning Pool  
  17  1:15  Drone  
  17  1:19  Drone  
  18  1:29  Drone  
  19  1:40  Overlord  
  19  1:51  Drone  
  20  2:00  Metabolic Boost, Queen  
  22  2:02  Zergling x2  
  22  2:06  Queen  
  22  2:07  Zergling x2  
  26  2:14  Drone  
  27  2:25  Drone  
  28  2:34  Hatchery  
  28  2:35  Zergling x2  
  28  2:38  Drone  
  28  2:44  Queen  
  29  2:47  Zergling x2  
  29  2:48  Zergling x2  
  33  2:53  Spore Crawler  
  33  2:56  Overlord  
  33  2:59  Zergling x4  
  35  3:09  Drone  
  35  3:15  Drone x5  
  35  3:19  Drone x2  
  42  3:25  Overlord  
  42  3:34  Drone x2  
  44  3:46  Queen  
  44  3:47  Drone x4  
  50  3:52  Drone x3  
  53  3:58  Roach Warren  
  53  4:01  Extractor  
  53  4:02  Extractor  
  50  4:05  Drone x3  
  52  4:10  Drone x2  
  52  4:14  Overlord  
  54  4:18  Drone x3  
  54  4:20  Lair  
  57  4:26  Overlord x2  
  57  4:35  Drone x5  
  61  4:40  Overlord  
  61  4:42  Drone x2  
  61  4:45  Drone  
  64  4:49  Roach x2  
  64  4:52  Roach x2  
  72  4:55  Roach  
  74  5:01  Roach x3  
  80  5:17  Roach x4  
  84  5:28  Queen  
  84  5:29  Drone x3  
  84  5:34  Overlord  
  84  5:35  Drone x3, Glial Reconstitution  
  89  5:40  Overlord  
  89  5:41  Drone x2  
  89  5:45  Evolution Chamber  
  89  5:49  Drone x2  
  89  5:58  Overseer  
  89  6:00  Extractor  
  89  6:02  Extractor  
  89  6:03  Drone x11  
  98  6:06  Queen  
  100  6:12  Overlord  
  100  6:15  Overlord x5  
  99  6:26  Overlord x3  
  99  6:28  Extractor  
  98  6:36  Drone  
  98  6:37  Drone x2, Roach  
  98  6:38  Roach x3  
  109  6:42  Drone  
  109  6:44  Infestation Pit, Roach x3  
  115  6:48  Roach x4  
  123  6:57  Drone  
  123  6:58  Overlord  
  123  7:00  Roach x3  
  130  7:01  Zerg Missile Weapons Level 1  
  130  7:10  Overseer  
  130  7:21  Swarm Host x3  
  130  7:22  Swarm Host x7  
  160  7:30  Hatchery  
  160  7:35  Overlord x2  
  160  7:36  Overlord  
  159  7:40  Swarm Host x2  
  165  7:50  Ravager x4  
  169  7:53  Queen  
  165  8:03  Swarm Host  
  162  8:07  Roach x9  
  178  8:22  Hatchery, Ravager x3  
  180  8:29  Drone x2  
  180  8:31  Spine Crawler  
  180  8:32  Spore Crawler  
  176  8:34  Ravager x2  
  176  8:41  Swarm Host x2  
  182  8:53  Overseer  
  182  9:00  Swarm Host x3  
  175  9:04  Pneumatized Carapace  
  166  9:22  Roach x12  
  177  9:26  Roach x2  
  171  9:32  Overseer  
  171  9:37  Queen  
  171  9:38  Queen  
  159  9:41  Zergling x18  
  157  9:46  Overseer  
  157  9:49  Drone x2, Zerg Missile Weapons Level 2  
  159  9:54  Roach x2  
  159  9:55  Ravager x3  
  160  10:07  Roach x4  
  160  10:09  Roach  
  168  10:14  Swarm Host x2  
  174  10:23  Swarm Host x3  
  174  10:24  Overlord  
  181  10:39  Zergling x2, Ravager x3  
  181  10:40  Zergling x10  
  181  11:04  Roach x11  
  184  11:06  Overseer  
  159  11:14  Swarm Host  
  159  11:15  Swarm Host x2  
  163  11:23  Drone x2  
  153  11:34  Swarm Host x3  
  160  11:41  Drone  
  160  11:45  Hatchery  
  160  11:47  Drone x3, Queen  
  155  11:56  Roach x2  
  155  11:57  Ravager x4  
  152  12:20  Roach x9  
  153  12:26  Roach  
  153  12:27  Roach  
  157  12:32  Roach  
  157  12:33  Roach x3  
  157  12:34  Ravager x3  
  166  12:50  Roach x7  
  178  12:58  Hatchery  
  165  13:00  Roach x7  
  174  13:09  Swarm Host x3  
  163  13:23  Overseer  
  163  13:24  Drone x2  
  157  13:32  Roach x4  
  157  13:33  Ravager x3  
  166  13:36  Zergling x2  
  166  13:37  Zergling x4  
  136  13:52  Roach x3  
  131  14:01  Overseer  
  118  14:12  Swarm Host x7  
  139  14:21  Drone, Spore Crawler  
  127  14:33  Swarm Host x5  
  127  14:37  Zergling x12  
  127  14:38  Queen  
  151  14:51  Overseer  
  151  14:57  Zergling x16  
  143  15:11  Roach x2  
  143  15:13  Roach x2  
  151  15:14  Hatchery  
  136  15:31  Roach x6  
  142  15:41  Ravager x3  
  141  15:56  Hatchery  
  134  16:14  Overlord x4  
  134  16:17  Roach x6  
  142  16:21  Overlord  
Show
View Real Time Build Order
Export as new Build Order

ShoWTimE Protoss - Winner!

Build Orders: 1 Gate Expand, Archon Immortal, Archon Drop, Dark Templar Rush 

Get SALT Encoding   

  12  0:00  Probe  
  13  0:13  Probe, Pylon  
  14  0:22  Probe  
  15  0:32  Probe  
  16  0:39  Gateway  
  16  0:44  Probe  
  16  0:48  Assimilator  
  17  0:56  Probe  
  18  1:08  Probe  
  19  1:20  Probe  
  20  1:26  Cybernetics Core  
  20  1:35  Nexus  
  20  1:41  Pylon  
  20  1:44  Probe  
  21  1:50  Assimilator  
  21  1:53  Adept  
  21  1:57  Probe  
  22  2:03  Warp Gate  
  24  2:09  Probe  
  24  2:13  Adept  
  25  2:21  Probe  
  28  2:33  Probe  
  28  2:36  Twilight Council  
  29  2:42  Stalker  
  29  2:43  Probe  
  31  2:47  Probe  
  33  2:51  Probe  
  34  2:59  Probe  
  34  3:01  Robotics Facility  
  34  3:02  Probe  
  36  3:12  Shield Battery  
  35  3:15  Pylon  
  35  3:18  Probe  
  37  3:31  Dark Shrine  
  37  3:32  Probe x2  
  38  3:42  Gateway  
  38  3:44  Probe  
  38  3:45  Probe  
  40  3:51  Gateway  
  40  3:52  Warp Prism  
  40  3:58  Gateway  
  40  4:06  Probe  
  40  4:08  Probe  
  44  4:13  Assimilator  
  44  4:16  Assimilator, Probe  
  44  4:18  Probe  
  44  4:23  Pylon  
  46  4:24  Probe  
  46  4:30  Probe  
  48  4:35  Probe  
  48  4:36  Pylon  
  49  4:42  Probe  
  50  4:47  Probe  
  50  4:52  Dark Templar x3  
  55  4:53  Dark Templar  
  55  4:54  Probe  
  55  4:56  Archon  
  55  4:58  Observer  
  55  4:59  Probe, Archon  
  62  5:06  Probe  
  63  5:07  Pylon  
  63  5:13  Probe  
  64  5:19  Probe  
  65  5:22  Immortal  
  65  5:28  Probe  
  70  5:39  Probe  
  70  5:40  Charge, Pylon  
  67  5:43  Forge, Sentry x3  
  67  5:47  Probe  
  74  5:51  Probe  
  75  5:58  Nexus  
  75  5:59  Probe, Pylon  
  75  6:03  Probe  
  77  6:05  Sentry, Immortal  
  79  6:11  Probe  
  79  6:13  Gateway  
  79  6:14  Gateway  
  84  6:23  Probe x2  
  86  6:25  Protoss Ground Weapons Level 1  
  86  6:32  Gateway  
  86  6:33  Gateway  
  86  6:34  Immortal  
  86  6:38  Zealot, Shield Battery  
  92  6:48  Probe  
  92  6:49  Probe  
  94  6:58  Pylon  
  94  7:04  Pylon  
  94  7:08  Immortal  
  94  7:09  Assimilator  
  94  7:10  Probe x3  
  94  7:11  Assimilator  
  94  7:12  Templar Archives  
  97  7:16  Adept  
  97  7:22  Probe  
  104  7:27  Zealot x2, Blink  
  108  7:32  Zealot, Probe  
  108  7:33  Probe  
  108  7:34  Probe  
  108  7:36  Zealot x2  
  117  7:44  Immortal  
  117  7:45  Pylon  
  117  7:48  Pylon  
  121  8:04  Zealot x5  
  127  8:09  Dark Templar x2  
  131  8:17  Immortal, Pylon  
  129  8:20  Pylon  
  133  8:33  Zealot x4  
  141  8:38  High Templar x2  
  145  8:46  Archon  
  145  8:48  Immortal  
  145  8:49  Dark Templar x2, Pylon  
  145  8:50  Pylon  
  149  8:57  Protoss Ground Weapons Level 2  
  153  9:07  Zealot x3  
  153  9:08  Zealot  
  161  9:10  Pylon  
  141  9:30  Zealot x8, Immortal  
  140  9:51  Archon  
  140  9:52  Stalker x2  
  144  9:54  High Templar x2  
  144  9:56  High Templar  
  144  9:57  High Templar  
  144  9:58  Nexus  
  144  9:59  Archon  
  152  10:00  Pylon  
  152  10:02  Archon  
  152  10:05  Stalker x2  
  148  10:07  Immortal  
  148  10:20  Stalker x2  
  156  10:27  Dark Templar x2  
  160  10:32  Zealot x3  
  165  10:41  Zealot  
  165  10:51  Dark Templar x2  
  167  11:00  Dark Templar x5  
  167  11:01  Zealot  
  148  11:04  Probe  
  148  11:07  Probe  
  148  11:10  Probe  
  122  11:12  Probe x2  
  122  11:15  Probe  
  124  11:21  Probe  
  124  11:22  Probe  
  124  11:23  Archon x2  
  124  11:24  Probe x2  
  121  11:32  Probe  
  121  11:34  Probe  
  121  11:36  Probe  
  121  11:38  Stalker  
  123  11:40  Probe  
  123  11:43  Probe  
  123  11:44  Dark Templar  
  126  11:55  Probe x2, Dark Templar  
  128  12:05  High Templar x3  
  128  12:06  High Templar  
  136  12:09  Archon  
  136  12:12  Archon  
  114  12:23  Stalker x3  
  114  12:24  Probe  
  114  12:25  Probe x2  
  114  12:26  Archon  
  121  12:30  Probe  
  121  12:31  Observer  
  121  12:33  Probe x3  
  124  12:39  Dark Templar  
  124  12:42  Probe  
  124  12:43  Probe  
  129  12:45  Stalker x3  
  129  12:48  Stalker  
  129  12:49  Probe  
  129  12:50  Probe  
  140  12:55  Probe  
  137  13:02  Dark Templar x3  
  137  13:04  Zealot, Dark Templar x2  
  119  13:27  Stalker x4  
  119  13:28  Nexus  
  119  13:31  Stalker  
  123  13:42  Stalker x3  
  117  13:58  Stalker x4  
  119  14:14  Stalker x4  
  125  14:17  Pylon  
  123  14:25  Dark Templar x3  
  129  14:33  Zealot  
  129  14:55  Stalker x3  
  129  14:57  Nexus  
  129  14:59  Pylon  
  127  15:11  Stalker x3  
  127  15:12  Stalker x2  
  137  15:27  Dark Templar x3  
  123  15:39  Stalker x4  
  129  15:47  Observer  
  129  15:49  Stalker  
  131  15:53  Probe x3  
  135  16:05  Probe x3  
  134  16:12  Probe  
  134  16:15  Zealot x6  
  134  16:17  Probe x2  
  147  16:22  Zealot x2  
  149  16:27  Probe  
  149  16:28  Probe  
  147  16:36  Zealot x2  
  147  16:37  Zealot x4  
Tags
 
Add a new tag
Caveats
  • Supply blocks, unpowered buildings, or Contaminate may cause inaccurate times.
  • Supply counts are checked every 10 seconds.